 Dungeon Crawl Stone Soup version 0.30-a0-728-gc68057be0a (webtiles) character file.

Game seed: 11757035362318915401

24982 browni3141 the Geomancer (level 13, -6/98 HPs)
             Began as a Human Earth Elementalist on Jan 30, 2023.
             Was a High Priest of Kikubaaqudgha.
             Mangled by an eight-headed hydra (10 damage)
             ... on level 2 of the Lair of Beasts.
             The game lasted 00:52:12 (17278 turns).

browni3141 the Geomancer (HuEE)                    Turns: 17278, Time: 00:52:13

Health: -6/98      AC:  6    Str: 11    XL:     13   Next: 47%
Magic:  12/23      EV: 15    Int: 26    God:    Kikubaaqudgha [*****.]
Gold:   1524       SH:  3    Dex: 15    Spells: 6/26 levels left

rFire   + . .      SeeInvis .    h - +1 dagger (venom)
rCold   + . .      Faith    .    X - +0 buckler
rNeg    . . .      Spirit   .    K - +1 robe of Wozeol {rElec rF+ rC+ Str+3}
rPois   +          Reflect  .    (no helmet)
rElec   +          Harm     .    (no cloak)
rCorr   .          Rampage  .    (no gloves)
Will    .....                    W - +2 pair of boots
Stlth   ++++                     L - amulet of magic regeneration
HPRegen 0.36/turn                Q - ring of poison resistance
MPRegen 0.58/turn                x - +6 ring of intelligence

@: very slightly contaminated
A: no striking features
a: Renounce Religion, Unearth Wretches, Torment


You were on level 2 of the Lair of Beasts.
You worshipped Kikubaaqudgha.
Kikubaaqudgha was extremely pleased with you.
You visited 3 branches of the dungeon, and saw 16 of its levels.
You also visited: Bailey and Ice Cave.

You collected 1524 gold pieces.

Inventory:

Hand Weapons
 c - a +0 short sword
 h - a +1 dagger of venom (weapon)
 l - a +1 short sword of electrocution
 p - a +0 rapier
 s - a +2 dagger of flaming
Missiles
 g - 3 throwing nets
 M - 6 curare-tipped darts
 N - 4 datura-tipped darts
 O - 7 atropa-tipped darts
Armour
 a - a +0 robe
 w - an orb of guile
 F - +0 steam dragon scales
 K - the +1 robe of Wozeol (worn) {rElec rF+ rC+ Str+3}
   (You found it on level 9 of the Dungeon)

   Str:       It affects your strength (+3).
   rF:        It protects you from fire.
   rC:        It protects you from cold.
   rElec:     It insulates you from electricity.
 W - a +2 pair of boots (worn)
 X - a +0 buckler (worn)
Magical Staves
 f - a staff of fire
 E - a staff of cold
Jewellery
 e - a ring of protection from cold
 k - a +5 ring of evasion
 q - a ring of fire
 r - a ring of ice
 u - an amulet of regeneration
 x - a +6 ring of intelligence (right hand)
 y - a ring of wizardry
 L - an amulet of magic regeneration (around neck)
 Q - a ring of poison resistance (left hand)
 R - an amulet of the acrobat
 Y - a ring of resist corrosion
Wands
 B - a wand of flame (56)
 I - a wand of roots (11)
 P - a wand of digging (3)
 U - a wand of paralysis (4)
Scrolls
 d - 2 scrolls of amnesia
 j - 5 scrolls of teleportation
 m - a scroll of enchant armour
 t - a scroll of enchant weapon
 H - 4 scrolls of immolation
 S - 3 scrolls of magic mapping
 V - a scroll of brand weapon
Potions
 b - a potion of magic
 i - 7 potions of brilliance
 n - 2 potions of curing
 o - 3 potions of might
 v - 2 potions of degeneration
 z - 4 potions of lignification
 A - 4 potions of mutation
 C - a potion of haste {unknown}
 D - a potion of invisibility {unknown}
 G - a potion of resistance {unknown}
 J - a potion of berserk rage {unknown}
 T - 2 potions of ambrosia
 Z - a potion of flight


   Skills:
 - Level 8.0 Fighting
 * Level 6.0 Short Blades
 - Level 8.0 Dodging
 - Level 10.0 Stealth
 - Level 7.0 Spellcasting
 - Level 2.0 Conjurations
 * Level 6.1 Necromancy
 - Level 3.0 Transmutations
 - Level 12.0 Earth Magic
 - Level 3.0 Evocations


You had 6 spell levels left.
You knew the following spells:

 Your Spells              Type           Power      Damage    Failure   Level
a - Sandblast             Erth           100%       2d20      1%          1
b - Passwall              Tmut/Erth      40%        N/A       1%          2
c - Stone Arrow           Conj/Erth      90%        3d12      1%          3
d - Petrify               Tmut/Erth      48%        N/A       3%          4
e - Lee's Rapid Deconstr  Erth           32%        3d16*     1%          5
f - Borgnjor's Vile Clut  Necr/Erth      27%        N/A       6%          5

Your spell library contained the following spells:

 Spells                   Type           Power      Damage    Failure   Level
 Kiss of Death            Conj/Necr      100%       2d13      1%          1
 Necrotise                Necr           100%       1d9       1%          1
 Sublimation of Blood     Necr           40%        N/A       1%          2
 Vampiric Draining        Necr           40%        2d8       1%          3
 Shock                    Conj/Air       56%        1d6       5%          1
 Cigotuvi's Dreadful Rot  Necr/Pois/Air  38%        N/A       5%          2
 Leda's Liquefaction      Hex/Erth       20%        N/A       7%          4
 Poisonous Vapours        Pois/Air       18%        N/A       13%         2
 Dazzling Flash           Conj/Hex       28%        N/A       17%         3
 Hailstorm                Conj/Ice       14%        3d5       17%         3
 Ignite Poison            Fire/Tmut/Pois 14%        N/A       17%         3
 Mephitic Cloud           Conj/Pois/Air  12%        N/A       19%         3
 Agony                    Necr           40%        N/A       19%         5
 Anguish                  Hex/Necr       12%        N/A       24%         4
 Call Canine Familiar     Summ           9%         N/A       26%         3
 Ozocubu's Armour         Ice            9%         N/A       26%         3
 Portal Projectile        Hex/Tloc       18%        N/A       26%         3
 Swiftness                Air            9%         N/A       26%         3
 Ice Form                 Ice/Tmut       16%        N/A       41%         4
 Sticky Flame             Conj/Fire      14%        2d4       50%         4
 Statue Form              Tmut/Erth      32%        N/A       52%         6
 Airstrike                Air            4%         2d(1-17)  63%         4
 Irradiate                Conj/Tmut      11%        3d15      63%         5
 Death Channel            Necr           20%        N/A       71%         6
 Metabolic Englaciation   Hex/Ice        4%         N/A       93%         5
 Silence                  Hex/Air        4%         N/A       93%         5
 Simulacrum               Ice/Necr       12%        N/A       98%         6
 Conjure Ball Lightning   Conj/Air       7%         3x3d6     100%        6
 Discord                  Hex            4%         N/A       100%        8
 Disjunction              Tloc           4%         N/A       100%        8
 Ignition                 Fire           4%         3d4       100%        8


Dungeon Overview and Level Annotations

Branches:
Dungeon (13/15)            Temple (1/1) D:7            Lair (2/5) D:8
 Spider (0/4) Lair:2          Orc (0/2) D:11         Bailey (visited)
  IceCv (visited)
  Swamp: Lair:2-3    Shoals: Lair:2-3    Vaults: D:13-14

Altars:
Ashenzari
Cheibriados
Dithmenos
Elyvilon
Fedhas
Gozag
Hepliaklqana
Kikubaaqudgha
Makhleb
Nemelex Xobeh
Okawaru
Qazlal
Ru
Sif Muna
Trog
Uskayaw
Vehumet
Wu Jian
Xom
Yredelemnul
Zin
The Shining One

Portals:
Abyss: D:6

Annotations:
D:2 Terence
D:4 exclusions: downstairs and 2 orc priests
D:6 2 transporters, exclusion: downstairs, bande's ghost, novice GrFi
D:13 1 exclusion


Message History

The zombie hands constrict the eight-headed hydra.
The eight-headed hydra escapes!
Okay, then.
Okay, then.
Unknown command.
Casting: Borgnjor's Vile Clutch (dangerous; 6% risk of failure)
Confirm with . or Enter, or press ? or * to list all spells.
Okay, then.
Unknown command.
Casting: Borgnjor's Vile Clutch (dangerous; 6% risk of failure)
Confirm with . or Enter, or press ? or * to list all spells.
Aiming: Petrify (dangerous; 3% risk of failure)
Press: ? - help, Shift-Dir - straight line, f/p - eight-headed hydra
Aim: an eight-headed hydra (lightly wounded, chance to affect: 36%)
Okay, then.
Okay, then.
Okay, then.
Unknown command.
Casting: Petrify (dangerous; 3% risk of failure)
Confirm with . or Enter, or press ? or * to list all spells.
Okay, then.
Unknown command.
Okay, then.
Okay, then.
Unknown command.
Casting: Petrify (dangerous; 3% risk of failure)
Confirm with . or Enter, or press ? or * to list all spells.
Okay, then.
Aiming: Fastroot
Press: ? - help, Shift-Dir - straight line, f/p - eight-headed hydra
Aim: an eight-headed hydra (lightly wounded)
The roots erupt in riotous growth!
Roots grab the eight-headed hydra.
The grasping roots constrict the eight-headed hydra.
The eight-headed hydra bites you but does no damage. x2
The eight-headed hydra bites you!
* * * LOW HITPOINT WARNING * * *
The eight-headed hydra misses you. The eight-headed hydra bites you!
You die...
Kikubaaqudgha rasps: "You have failed me!
Welcome... death!"

.........## ..#..#.....#
#.. ......#..#..# ...
..........#.. .P# .
..⌠...⌠......######..#~#
....>...........#.~~~.~~
..⌠...⌠......#...~.~~.~~
.........#...#.D.~~.~.~.
.#.....#.#..##..@~~~...~
..###.#....##........>..
.........######.#~~~...~
##.....##..P# ##~~~.~.~.
###.......#####.~.~~.~~
#...##..........~~~.~~
#......#...)............
##⌠.<.⌠#............P...
#.....############P....


You could see an eight-headed hydra (rooted).

Vanquished Creatures
  An ice dragon (IceCv)
  2 two-headed ogres
  2 boulder beetles
  A fire crab (Lair:2)
  A deep elf pyromancer (D:12)
  2 ugly things
  2 cyclopes (D:11)
  A manticore (D:11)
  2 gargoyles
  2 ice statues (IceCv)
  Maggie (Lair:2)
  An unseen horror (D:11)
  5 rime drakes
  3 komodo dragons
  2 kobold demonologists (D:11)
  An ice devil (D:12)
  4 trolls
  2 polar bears (D:8)
  A hornet (D:7)
  5 blink frogs (Lair:2)
  6 slime creatures (D:12)
  3 shadows
  11 yaks
  2 wraiths
  2 wyverns
  A basilisk (D:11)
  Grum (D:8)
  A steam dragon (D:6)
  4 vampire mosquitoes (D:12)
  An acid dragon (D:12)
  5 water moccasins
  10 orc warriors
  5 ice beasts
  6 wolves
  4 ogres
  4 centaurs
  2 phantoms (D:5)
  9 kobold brigands
  3 bullfrogs
  A necrophage (D:5)
  2 gnoll sergeants
  2 scorpions
  12 wights
  4 killer bees
  4 lindwurm simulacra (IceCv)
  5 electric eels
  3 howler monkeys
  7 komodo dragon simulacra (IceCv)
  5 hounds
  13 orc priests
  An iguana (D:5)
  13 orc wizards
  7 adders
  20 gnolls
  5 acid dragon simulacra (IceCv)
  A shadow imp (D:7)
  2 white imps
  5 steam dragon simulacra (IceCv)
  2 ufetubi
  2 dart slugs
  46 orcs
  4 bats
  4 endoplasms
  3 giant cockroaches
  17 goblins
  5 hobgoblins
  6 jackals
  28 kobolds
  5 quokkas
  7 ball pythons
  2 frilled lizards
  4 rats
368 creatures vanquished.

Vanquished Creatures (collateral kills)
  An ice devil (D:12)
1 creature vanquished.

Vanquished Creatures (others)
  A rime drake (IceCv)
  2 orc wizards
  A butterfly (D:10)
  4 fungi
  27 plants
35 creatures vanquished.

Grand Total: 404 creatures vanquished

Notes
Turn   | Place    | Note
-------+----------+-------------------------------------------
     0 | D:1      | browni3141 the Human Earth Elementalist began the quest for
                  | the Orb.
     0 | D:1      | Reached XP level 1. HP: 13/13 MP: 3/3
    85 | D:1      | Reached skill level 1 in Fighting
   104 | D:1      | Reached XP level 2. HP: 21/21 MP: 1/5
   277 | D:1      | Reached XP level 3. HP: 21/27 MP: 0/6
   796 | D:2      | Noticed Terence
   914 | D:2      | Learned a level 2 spell: Passwall
  1017 | D:2      | Learned a level 3 spell: Stone Arrow
  1406 | D:3      | Reached skill level 4 in Earth Magic
  1406 | D:3      | Reached XP level 4. HP: 31/33 MP: 5/7
  1489 | D:3      | Reached skill level 1 in Conjurations
  1770 | D:3      | Reached XP level 5. HP: 33/38 MP: 1/8
  1843 | D:3      | Found a faded altar of an unknown god.
  2169 | D:3      | Found a blossoming altar of Fedhas.
  2676 | D:4      | Reached XP level 6. HP: 46/46 MP: 7/9
  3267 | D:4      | Found a shimmering blue altar of Sif Muna.
  3268 | D:4      | Found a basalt altar of Yredelemnul.
  3274 | D:4      | Found a broken altar of Ashenzari.
  3596 | D:5      | Entered Level 5 of the Dungeon
  3596 | D:5      | Noticed a water moccasin
  3596 | D:5      | Noticed an ogre
  3713 | D:5      | Noticed an ogre
  3853 | D:5      | Killed a water moccasin
  3854 | D:5      | Reached XP level 7. HP: 32/52 MP: 4/11
  3882 | D:5      | Learned a level 4 spell: Petrify
  4157 | D:5      | Reached skill level 5 in Earth Magic
  4157 | D:5      | Reached XP level 8. HP: 58/58 MP: 6/12
  4398 | D:5      | Reached skill level 6 in Earth Magic
  4518 | D:5      | Reached skill level 1 in Evocations
  4704 | D:5      | Found a sparkling altar of Nemelex Xobeh.
  4833 | D:6      | Reached skill level 7 in Earth Magic
  4841 | D:6      | Found a glowing silver altar of Zin.
  4981 | D:6      | Reached XP level 9. HP: 50/63 MP: 9/13
  5006 | D:5      | Reached skill level 8 in Earth Magic
  5194 | D:6      | Identified the +10 flail "Vecvial" {freeze, rElec rC+}
  5252 | D:6      | Found a transporter.
  5259 | D:6      | Noticed an ancient zyme
  5279 | D:6      | Found a transporter.
  5279 | D:6      | Noticed bande's ghost (novice GrFi)
  5404 | D:6      | Noticed an ancient zyme
  5712 | D:6      | Reached skill level 1 in Short Blades
  5784 | D:6      | Found a one-way gate to the infinite horrors of the Abyss.
  6425 | D:7      | Found a staircase to the Ecumenical Temple.
  6433 | D:7      | Noticed a hornet
  6438 | D:7      | Paralysed by a hornet for 2 turns
  6442 | D:7      | Killed a hornet
  6450 | Temple   | Entered the Ecumenical Temple
  6772 | Temple   | Became a worshipper of Kikubaaqudgha
  7272 | D:8      | Noticed a rime drake
  7280 | D:8      | Noticed a polar bear
  7293 | D:7      | Reached XP level 10. HP: 49/71 MP: 6/16
  7297 | D:7      | Reached skill level 5 in Stealth
  7298 | D:7      | Reached skill level 9 in Earth Magic
  7571 | D:8      | Noticed Grum
  7615 | D:8      | Killed Grum
  7737 | D:8      | Found a staircase to the Lair.
  7863 | D:8      | Reached * piety under Kikubaaqudgha
  7863 | D:8      | Received a gift from Kikubaaqudgha
  7886 | D:7      | HP: 1/73 [killer bee (8)]
  8008 | D:8      | Killed a rime drake
  8009 | D:8      | Reached skill level 5 in Fighting
  8009 | D:8      | Reached skill level 5 in Dodging
  8009 | D:8      | Reached skill level 10 in Earth Magic
  8060 | D:8      | Learned a level 5 spell: Lee's Rapid Deconstruction
  8519 | D:8      | Found a shadowy altar of Dithmenos.
  8717 | D:9      | Noticed a komodo dragon
  8726 | D:9      | Killed a komodo dragon
  8808 | D:9      | Reached XP level 11. HP: 80/80 MP: 17/17
  8830 | D:9      | Reached ** piety under Kikubaaqudgha
  9257 | D:9      | Identified the +1 robe of Wozeol {rElec rF+ rC+ Str+3}
  9456 | D:10     | Entered Level 10 of the Dungeon
  9456 | D:10     | Found a sacrificial altar of Ru.
  9504 | D:10     | Found a flagged portal.
  9519 | Bailey   | Entered a bailey
  9546 | Bailey   | Reached skill level 5 in Short Blades
  9922 | Bailey   | Found a burning altar of Makhleb.
 10057 | D:10     | You fall into a shaft and drop 3 floors!
 10136 | D:13     | Noticed a two-headed ogre
 10148 | D:13     | Killed a two-headed ogre
 10289 | D:13     | Noticed a boulder beetle
 10297 | D:13     | Noticed a death yak
 10320 | D:13     | Noticed a centaur warrior
 10709 | D:12     | Noticed a white ugly thing
 10710 | D:12     | Noticed a boulder beetle
 10719 | D:12     | Noticed a deep elf pyromancer
 10738 | D:12     | Found a frozen archway.
 10745 | D:12     | Reached skill level 11 in Earth Magic
 10745 | D:12     | Reached *** piety under Kikubaaqudgha
 10745 | D:12     | Received a gift from Kikubaaqudgha
 10756 | IceCv    | Entered an ice cave
 11630 | IceCv    | Noticed an ice dragon
 11713 | IceCv    | Killed an ice dragon
 11714 | IceCv    | Reached XP level 12. HP: 37/88 MP: 11/18
 12091 | IceCv    | Identified the +9 battleaxe of Kuh Mera {heavy, rF+ rN+
                  | Int+2 Stlth+}
 12386 | D:12     | Killed a boulder beetle
 12609 | D:12     | Reached skill level 12 in Earth Magic
 13281 | D:12     | HP: 1/91 [white ugly thing (8)]
 13592 | D:11     | Reached **** piety under Kikubaaqudgha
 14049 | D:11     | Identified the +9 war axe of Zil Miymp {freeze, rC+ Str+5}
 14084 | D:11     | Reached skill level 10 in Stealth
 14214 | D:11     | Reached skill level 5 in Spellcasting
 14847 | D:11     | Noticed a boulder beetle
 14875 | D:11     | Killed a boulder beetle
 14876 | D:11     | Reached XP level 13. HP: 98/98 MP: 13/22
 15296 | D:11     | Found a staircase to the Orcish Mines.
 15691 | D:10     | Found a white marble altar of Elyvilon.
 16204 | D:10     | Learned a level 5 spell: Borgnjor's Vile Clutch
 16614 | Lair:1   | Entered Level 1 of the Lair of Beasts
 16652 | Lair:1   | Reached skill level 1 in Necromancy
 16912 | Lair:1   | Reached ***** piety under Kikubaaqudgha
 16938 | Lair:1   | You fall into a shaft and drop 1 floor!
 16957 | Lair:2   | Noticed Maggie
 16971 | Lair:2   | Killed Maggie
 17009 | Lair:2   | Reached skill level 5 in Necromancy
 17261 | Lair:2   | Found a hole to the Spider Nest.
 17270 | Lair:2   | Noticed an eight-headed hydra
 17278 | Lair:2   | HP: 4/98 [eight-headed hydra (10)]
 17278 | Lair:2   | Mangled by an eight-headed hydra

Illustrated notes

Levels and vault maps discovered:
D:1:      grunt_arrival_crossed_arrows, layout_rooms, st_stairs_9,
          minmay_heptomino_h4
D:2:      layout_basic, uniq_terence
D:3:      layout_basic, fedhas_altar_1,
          shapermc_ecumenical_altar_mp_urbaneastern
D:4:      layout_loops_ring, minitemple, kennysheep_pointless_box
D:5:      layout_rooms, minmay_ruined_shrine
D:6:      layout_loops_ring, mainiacjoe_overflow_small_starburst,
          gammafunk_ghost_abyssal_escape
D:7:      layout_basic, minmay_temple_entry_large_hall
D:8:      layout_rooms, nicolae_dithmenos_through_a_glass_darkly,
          hellmonk_lair_entry_icy, uniq_grum
D:9:      layout_roguey
D:10:     layout_basic, nicolae_elyvilon_peaceful_grove,
          mainiacjoe_overflow_chevrons, enter_bailey_5
D:11:     layout_irregular_city, erik_orc_2, serial_bayou, serial_bayou_shore_b,
          serial_bayou_lake_a, serial_bayou_pond_a, serial_bayou_pond_b
D:12:     layout_basic, portal_ice_cave_demonic_guard
D:13:     fort_yaktaur, layout_basic
Temple:   minmay_temple_curvy_branch
Lair:1:   layout_roguey, uniq_urug
Lair:2:   layout_cellular_growth, spider_nest_entry_a, grunt_megastairs_2,
          serial_bayou_shore_b, uniq_maggie

Skill      XL: |  1  2  3  4  5  6  7  8  9 10 11 12 13 |
---------------+----------------------------------------+-----
Fighting       | 1 2 3 4 5 6 7 8 |  8.0
Earth Magic    | 4 5 7 8 10 11 12 | 12.0
Conjurations   | 2 |  2.0
Stealth        | 4 6 8 10 | 10.0
Dodging        | 3 5 6 7 8 |  8.0
Spellcasting   | 3 4 6 7 |  7.0
Transmutations | 3 |  3.0
Evocations     | 3 |  3.0
Short Blades   | 2 4 6 |  6.0
Necromancy     | 6 |  6.1

Action                     |  1- 3 |  4- 6 |  7- 9 | 10-12 | 13-15 || total
---------------------------+-------+-------+-------+-------+-------++-------
  Melee: Short sword       |    32 |       |       |       |    38 ||    70
         Dagger            |     4 |    92 |    46 |   236 |    39 ||   417
         Punch             |       |       |       |     5 |     4 ||     9
   Cast: Sandblast         |    44 |    36 |   124 |   217 |    79 ||   500
         Passwall          |       |     1 |       |     2 |       ||     3
         Stone Arrow       |       |       |     2 |       |     3 ||     5
         Petrify           |       |       |     9 |    70 |     8 ||    87
         Lee's Rapid Decon |       |       |       |    38 |     3 ||    41
         Borgnjor's Vile C |       |       |       |       |     4 ||     4
  Evoke: Wand              |       |       |     6 |    24 |     2 ||    32
    Use: Scroll            |     2 |     8 |     6 |     8 |     4 ||    28
         Potion            |       |       |       |    10 |     1 ||    11
   Stab: Sleeping          |     2 |     4 |       |     4 |     3 ||    13
         Distracted        |       |     1 |       |     1 |       ||     2
         Petrified         |       |       |    14 |    57 |     8 ||    79
         Petrifying        |       |       |       |    12 |     2 ||    14
 Armour: Robe              |    15 |    14 |    10 |    38 |    15 ||    92
         Steam dragon scal |       |       |    18 |    27 |       ||    45
  Dodge: Dodged            |    53 |    74 |    90 |   296 |    95 ||   608
  Block: Buckler           |       |       |       |       |     8 ||     8

Table legend: (Time is in decaauts)
 A = Elapsed time spent in this place.
 B = Non-inter-level travel time spent in this place.
 C = Inter-level travel time spent in this place.
 D = Time resting spent in this place.
 E = Time spent auto-exploring this place.
 F = Levels seen in this place.
 G = Mean time per level.
                   A        B        C        D        E       F      G
               +--------+--------+--------+--------+--------+-----+--------+
         Total |  17474 |  16803 |    671 |   3082 |   9661 |  18 |  970.8 |
       Dungeon |  14334 |  13715 |    619 |   2053 |   8486 |  13 | 1102.6 |
        Temple |    344 |    293 |     51 |      0 |    269 |   1 |  344.0 |
          Lair |    673 |    673 |      0 |     23 |    493 |   2 |  336.5 |
        Bailey |    502 |    502 |      0 |    254 |    115 |   1 |  502.0 |
      Ice Cave |   1619 |   1619 |      0 |    752 |    297 |   1 | 1619.0 |
               +--------+--------+--------+--------+--------+-----+--------+

Top non-repeatable levels by time:
    D:11: 2144 daAuts
   IceCv: 1619 daAuts
    D:12: 1463 daAuts
     D:7: 1453 daAuts
     D:5: 1289 daAuts
     D:3: 1149 daAuts
     D:6: 1121 daAuts
    D:10: 1003 daAuts
     D:4: 977 daAuts
     D:8: 915 daAuts
     D:2: 863 daAuts
     D:9: 851 daAuts
     D:1: 667 daAuts
  Bailey: 502 daAuts
    D:13: 433 daAuts
